 Dungeon Crawl Stone Soup version 0.32-a0-42-ga30500b4d3 (webtiles) character file.

Game seed: 5476626975100161701

1624 cforsyth the Fighter (level 9, 0/70 HPs)
             Began as a Djinni Warper on Feb 3, 2024.
             Was an Initiate of the Shining One.
             Splashed by a jelly's acid (10 damage)
             ... on level 5 of the Dungeon.
             The game lasted 00:12:35 (7207 turns).

cforsyth the Fighter (Djinni Warper)                Turns: 7207, Time: 00:12:36

Health: 0/70       AC: -11   Str:  9 (10) XL:     9   Next: 17%
Gold:   197        EV: 11    Int: 19      God:    the Shining One [......] SH:  5 Dex: 13

rFire   + . .        a - +0 falchion
rCold   . . .        (no shield)
rNeg    . . .        b - +0 leather armour
rPois   ∞            (helmet restricted)
rElec   .            m - +0 cloak
rCorr   .            (no gloves)
SInv    .            (boots unavailable)
Will    .....        n - amulet of reflection
Stlth   +            g - ring of ice
HPRegen 0.31/turn    (no ring)
MPRegen 0.00/turn

%: reflection, infuse magic (-1 HP)
@: corroded, immotile, flying, glowing
A: sickness immunity, fire resistance 2, cold vulnerability 1, float, innate
caster, HP casting, extra vitality 1, antennae 1, deterioration 1
a: Renounce Religion


You were on level 5 of the Dungeon.
You worshipped the Shining One.
The Shining One was noncommittal.
You visited 2 branches of the dungeon, and saw 7 of its levels.

You collected 197 gold pieces.

Inventory:

Hand Weapons
 a - a +0 falchion (weapon)
Missiles
 d - 7 darts of dispersal (quivered)
 t - 8 poisoned darts
Armour
 b - a +0 leather armour (worn)
 m - a +0 cloak (worn)
 p - a +0 helmet
Magical Staves
 s - a staff of cold
Jewellery
 g - a ring of ice (left hand)
 n - an amulet of reflection (around neck)
Scrolls
 c - a scroll of blinking
 f - a scroll of immolation {unknown}
 h - 2 scrolls of teleportation
 k - a scroll of fog {unknown}
 l - 4 scrolls of identify {unknown}
 o - a scroll of enchant armour {unknown}
 q - a scroll of revelation {unknown}
 u - 2 scrolls of poison {unknown}
Potions
 e - a potion of brilliance {unknown}
 i - a potion of haste {unknown}
 j - a potion of mutation
 r - a potion of berserk rage
 v - a potion of curing
 w - a potion of enlightenment {unknown}


   Skills:
 + Level 8.2 Fighting
 - Level 1.7 Long Blades
 - Level 0.7 Throwing
 - Level 1.0 Armour
 - Level 2.1 Dodging
 + Level 6.6 Spellcasting
 + Level 6.6 Conjurations
 + Level 6.6 Hexes
 + Level 6.6 Summonings
 + Level 6.6 Necromancy
 + Level 6.6 Translocations
 + Level 6.6 Fire Magic
 + Level 6.6 Ice Magic
 + Level 6.6 Air Magic
 + Level 6.6 Earth Magic
 + Level 6.6 Alchemy


You knew the following spells:

 Your Spells              Type           Power      Damage    Failure   Level
a - Blink                 Tloc           62%        N/A       1%          2
b - Lesser Beckoning      Tloc           62%        N/A       1%          2
c - Teleport Other        Tloc           31%        N/A       2%          3
d - Manifold Assault      Tloc           31%        N/A       10%         4
e - Vhi's Electric Charg  Tloc/Air       62%        N/A       10%         4
f - Slow                  Hex            100%       N/A       1%          1
g - Momentum Strike       Conj/Tloc      62%        3d9       1%          2
h - Static Discharge      Conj/Air       62%        3-6/arc   1%          2
i - Fugue of the Fallen   Necr           31%        N/A       2%          3
Your spell library was empty.

Dungeon Overview and Level Annotations

Branches:
Dungeon (6/15)             Temple (1/1) D:5

Altars:
Ashenzari
Dithmenos
Elyvilon
Fedhas
Gozag
Makhleb
Nemelex Xobeh
Okawaru
Qazlal
Ru
Trog
Uskayaw
Wu Jian
Xom
Yredelemnul
The Shining One

Shops:
D:3 :

Annotations:
D:4 1 runed translucent door, jlumianski's ghost, novice GnSh


Innate Abilities, Weirdness & Mutations

You are immune to sickness and miasma.
You are immune to poison.
Your flesh is very heat resistant. (rF++)
You are vulnerable to cold. (rC-)
You float through the air rather than walking.
You learn spells naturally, not from books.
Your magical power is your life essence.
You have superior vitality. (+4 MHP)
You have a pair of small antennae on your head.
Your body sometimes deteriorates upon taking damage.


Message History

You are too injured to fight recklessly!
Casting: Slow (safe; 1% risk of failure)
Confirm with . or Enter, or press ? or * to list all spells.
Aiming: Momentum Strike (safe; 1% risk of failure)
Press: ? - help, Dir - move target, f - jelly
Aim: a jelly (heavily wounded, 100% to hit)
The concentrated momentum hits the jelly.
The jelly is heavily wounded.
You are unable to move.
* * * LOW HITPOINT WARNING * * *
You block the jelly's attack.
Casting: Momentum Strike (safe; 1% risk of failure)
Confirm with . or Enter, or press ? or * to list all spells.
Aiming: Slow (safe; 1% risk of failure)
Press: ? - help, Shift-Dir - straight line, f/p - jelly
Aim: a jelly (heavily wounded, chance to affect: 65%)
The jelly struggles to resist.
* * * LOW HITPOINT WARNING * * *
The jelly closely misses you.
Casting: Slow (safe; 1% risk of failure)
Confirm with . or Enter, or press ? or * to list all spells.
You blink.
* * * LOW HITPOINT WARNING * * *
You cannot move.
You cannot move.
You cannot move.
You cannot move.
You cannot move.
You hit the jelly.
Your hands burn!
* * * LOW HITPOINT WARNING * * *
The jelly is severely wounded.
The jelly misses you.
You hit the jelly but do no damage.
Your hands burn!
* * * LOW HITPOINT WARNING * * *
The jelly is severely wounded.
You feel ready to blink again. The jelly hits you.
* * * LOW HITPOINT WARNING * * *
The acid corrodes you!
You are splashed with acid!
You die...

#..##.................. ##
###..#.....#######+#####.
#.. .P..#...).# +.
#...##.##.....+ #.
#..P#...#P....#
#.....>.......# +#
#######.P#...#P#.#####.###
......# ##.###..........#
......# #P.P.#.@........#
......# +....#..J.......+
......# #....#..........#
......####....#####.##.###
..#...........# .# #
.##...........# ..
................. ...
#.............#..# ####
##+##.........#..#


You could see a jelly.

Vanquished Creatures
  A water moccasin (D:6)
  A sky beast (Temple)
  2 black bears (D:6)
  2 ogres
  A centaur (D:6)
  2 phantoms
  A kobold brigand (D:6)
  2 bullfrogs (D:6)
  A gnoll sergeant (D:4)
  2 scorpions
  A bombardier beetle (D:4)
  4 crimson imps (D:4)
  A gnoll bouda (D:6)
  3 jellies
  Robin (D:3)
  4 gnolls
  2 adders
  A white imp (D:6)
  An ufetubus (D:6)
  6 dart slugs
  A ribbon worm (D:3)
  3 orcs
  7 endoplasms
  3 giant cockroaches (D:1)
  15 goblins
  9 hobgoblins
  8 kobolds
  3 quokkas
  7 ball pythons
  5 bats
  2 frilled lizards
  10 rats
112 creatures vanquished.

Notes
Turn   | Place    | Note
-------+----------+-------------------------------------------
     0 | D:1      | cforsyth the Djinni Warper began the quest for the Orb.
     0 | D:1      | cforsyth set off with the following spells memorised:
                  | Blink, Lesser Beckoning, Teleport Other, Manifold Assault,
                  | Vhi's Electric Charge.
     0 | D:1      | Reached XP level 1. HP: 18/18 MP: 0/0
   166 | D:1      | Reached XP level 2. HP: 23/23 MP: 0/0
   307 | D:1      | Reached XP level 3. HP: 29/29 MP: 0/0
   307 | D:1      | Learned a level 1 spell: Slow
   628 | D:1      | Reached skill level 3 in Fighting
  1064 | D:2      | Found a basalt altar of Yredelemnul.
  1177 | D:2      | Reached XP level 4. HP: 28/35 MP: 0/0
  1811 | D:3      | Noticed Robin
  2038 | D:3      | Killed Robin
  2039 | D:3      | Reached XP level 5. HP: 24/40 MP: 0/0
  2039 | D:3      | Learned a level 2 spell: Momentum Strike
  2206 | D:3      | Found a sacrificial altar of Ru.
  2582 | D:3      | HP: 2/41 [orc/+0 flail (6)]
  2919 | D:3      | Found Moqazier's Book Emporium.
  3245 | D:4      | Noticed a phantom
  3248 | D:4      | Reached skill level 4 in Fighting
  3266 | D:4      | Killed a phantom
  3267 | D:4      | Reached XP level 6. HP: 15/48 MP: 0/0
  3394 | D:4      | HP: 1/48 [acid (6)]
  3554 | D:4      | Found a shimmering altar of Xom.
  3781 | D:5      | Entered Level 5 of the Dungeon
  3900 | D:4      | Reached skill level 5 in Fighting
  3928 | D:4      | You are sucked into a shaft and drop 2 floors!
  3955 | D:6      | Noticed a water moccasin
  3975 | D:6      | Killed a water moccasin
  3976 | D:6      | Reached XP level 7. HP: 23/54 MP: 0/0
  3976 | D:6      | Learned a level 2 spell: Static Discharge
  4204 | D:6      | Found an opulent altar of Gozag.
  4211 | D:6      | Reached skill level 5 in Spellcasting
  4211 | D:6      | Reached skill level 5 in Conjurations
  4211 | D:6      | Reached skill level 5 in Hexes
  4211 | D:6      | Reached skill level 5 in Summonings
  4211 | D:6      | Reached skill level 5 in Necromancy
  4211 | D:6      | Reached skill level 5 in Translocations
  4211 | D:6      | Reached skill level 5 in Fire Magic
  4211 | D:6      | Reached skill level 5 in Ice Magic
  4211 | D:6      | Reached skill level 5 in Air Magic
  4211 | D:6      | Reached skill level 5 in Earth Magic
  4211 | D:6      | Reached skill level 5 in Alchemy
  4218 | D:6      | Reached skill level 6 in Fighting
  4408 | D:6      | Reached XP level 8. HP: 34/62 MP: 0/0
  4877 | D:6      | Reached skill level 7 in Fighting
  4954 | D:6      | Found an iron altar of Okawaru.
  4954 | D:6      | Noticed a boulder beetle
  5200 | D:4      | Found a runed translucent door.
  5206 | D:4      | Noticed jlumianski's ghost (novice GnSh)
  6591 | D:5      | Found a staircase to the Ecumenical Temple.
  6597 | Temple   | Entered the Ecumenical Temple
  6612 | Temple   | Became a worshipper of the Shining One
  6675 | Temple   | Gained mutation: Your body sometimes deteriorates upon
                  | taking damage. [potion of mutation]
  6675 | Temple   | Gained mutation: You have a pair of small antennae on your
                  | head. [potion of mutation]
  6684 | Temple   | Reached XP level 9. HP: 14/70 MP: 0/0
  6684 | Temple   | Learned a level 3 spell: Fugue of the Fallen
  6976 | D:5      | Reached skill level 8 in Fighting
  7207 | D:5      | Splashed by a jelly's acid

Illustrated notes

Levels and vault maps discovered:
D:1:      minmay_arrival_plants_in_alcoves, layout_basic,
          minmay_misc_feat_diagonals, hangedman_decor_opposing,
          minmay_tree_intersection, minmay_heptomino_w4
D:2:      layout_loops_ring, basic_altar, minmay_misc_feat_cross
D:3:      layout_loops_ring, mainiacjoe_overflow_alcove_4, serial_shops,
          nicolae_shop_window_shopping, uniq_robin
D:4:      layout_basic, led_xom_imps, ebering_ghost_sewer_d,
          corexii_item_surrounded_by_moat
D:5:      layout_gridville, minmay_temple_entry_gardened_gates,
          chequers_mini_garden, sigmund_army
D:6:      minmay_skewed_foursquare, layout_loops_ring,
          regret_index_kikubaaqudgha_part_by_part, hangedman_feature_mirror
Temple:   eino_wide_crystal_templ

Skill      XL: |  1  2  3  4  5  6  7  8  9 |
---------------+----------------------------+-----
Spellcasting   | 3 4 5 6 |  6.6
Conjurations   | 3 4 5 6 |  6.6
Hexes          | 3 4 5 6 |  6.6
Summonings     | 3 4 5 6 |  6.6
Necromancy     | 3 4 5 6 |  6.6
Translocations | 3 4 5 6 |  6.6
Fire Magic     | 3 4 5 6 |  6.6
Ice Magic      | 3 4 5 6 |  6.6
Air Magic      | 3 4 5 6 |  6.6
Earth Magic    | 3 4 5 6 |  6.6
Alchemy        | 3 4 5 6 |  6.6
Fighting       | 3 4 5 6 7 8 |  8.2
Long Blades    | |  1.7
Throwing       | |  0.7
Armour         | |  1.0
Dodging        | |  2.1

Action                     |  1- 3 |  4- 6 |  7- 9 || total
---------------------------+-------+-------+-------++-------
  Melee: Falchion          |   113 |   332 |   242 ||   687
         Punch             |     3 |     2 |     5 ||    10
         Staff             |       |       |    14 ||    14
   Cast: Slow              |       |     7 |     4 ||    11
         Momentum Strike   |       |     2 |    17 ||    19
         Blink             |       |     1 |     3 ||     4
         Manifold Assault  |       |       |     4 ||     4
    Use: Potion            |       |     5 |     3 ||     8
         Scroll            |       |       |     2 ||     2
   Stab: Distracted        |       |       |     1 ||     1
 Armour: Leather armour    |    58 |   254 |   228 ||   540
  Dodge: Dodged            |    66 |   230 |   161 ||   457
  Block: Other             |       |       |    58 ||    58

Table legend: (Time is in decaauts)
 A = Elapsed time spent in this place.
 B = Non-inter-level travel time spent in this place.
 C = Inter-level travel time spent in this place.
 D = Time resting spent in this place.
 E = Time spent auto-exploring this place.
 F = Levels seen in this place.
 G = Mean time per level.
                   A        B        C        D        E       F      G
               +--------+--------+--------+--------+--------+-----+--------+
         Total |   7360 |   7236 |    124 |   1801 |   3806 |   7 | 1051.4 |
       Dungeon |   7019 |   6910 |    109 |   1506 |   3806 |   6 | 1169.8 |
        Temple |    341 |    326 |     15 |    294 |      0 |   1 |  341.0 |
               +--------+--------+--------+--------+--------+-----+--------+

Top non-repeatable levels by time:
     D:4: 1841 daAuts
     D:3: 1396 daAuts
     D:6: 1191 daAuts
     D:1: 1023 daAuts
     D:2: 961 daAuts
     D:5: 606 daAuts
  Temple: 341 daAuts
